 Dungeon Crawl Stone Soup version 0.22-a0-825-ga28c36f (webtiles) character file.

14 Kuinu the Firebug (level 2, 0/20 HPs)
             Began as a Draconian Fire Elementalist on July 24, 2018.
             Slain by a kobold
             ... wielding a +0 dagger
              (2 damage)
             ... on level 1 of the Dungeon.
             The game lasted 00:02:45 (1177 turns).

Kuinu the Firebug (Draconian Fire Elementalist)     Turns: 1177, Time: 00:02:45

Health: 0/20       AC:  4    Str: 10    XL:     2   Next: 27%
Magic:  2/5        EV: 12    Int: 15    God:
Gold:   44         SH:  0    Dex: 11    Spells: 2/5 levels left

rFire    . . .     SeeInvis .   f - +0 dagger
rCold    . . .     Gourm    .   (no shield)
rNeg     . . .     Faith    .   (armour unavailable)
rPois    .         Spirit   .   (helmet restricted)
rElec    .         Reflect  .   (no cloak)
rCorr    .         Harm     .   (no gloves)
MR       .....                  (no boots)
Stlth    ++........             (no amulet)
HPRegen  0.06/turn              (no ring)
MPRegen  0.09/turn              (no ring)

@: very slightly contaminated
A: unfitting armour, cold-blooded, AC +4
a: no special abilities


You were on level 1 of the Dungeon.
You were not hungry.

You visited 1 branch of the dungeon, and saw 1 of its levels.

You collected 44 gold pieces.

Inventory:

Hand Weapons
 d - a +0 club
 f - a +0 dagger (weapon)
Scrolls
 g - a scroll of magic mapping {unknown}
 h - a scroll of identify {unknown}
Potions
 a - a potion of mutation {unknown}
 c - a potion of brilliance {unknown}
 e - a potion of agility {unknown}
 j - a potion of haste {unknown}
Comestibles
 b - 3 rations
 i - a chunk of flesh


   Skills:
 - Level 1.8 Dodging
 + Level 1.9 Stealth
 * Level 2.2 Spellcasting
 * Level 1.3 Conjurations
 * Level 3.3 Fire Magic


You had 2 spell levels left.
You knew the following spells:

 Your Spells              Type           Power        Failure   Level  Hunger
a - Flame Tongue          Conj/Fire      #....        9%          1    #......
b - Throw Flame           Conj/Fire      #.....       13%         2    ###....

Your spell library contained the following spells:

 Spells                   Type           Power        Failure   Level  Hunger
 Fireball                 Conj/Fire      #.........   93%         5    ######.
 Conjure Flame            Conj/Fire      #.......     26%         3    ###....
 Sticky Flame             Conj/Fire      #.......     63%         4    #####..
 Inner Flame              Hex/Fire       #.......     32%         3    ###....


Dungeon Overview and Level Annotations

Branches:
Dungeon (1/15)

Altars:


Innate Abilities, Weirdness & Mutations

Your plain brown scales are hard. (AC +4)
You cannot fit into any form of body armour.
You are cold-blooded and may be slowed by cold attacks.


Message History

The rat bites you but does no damage.
Casting: Flame Tongue (safe; 9% risk of failure)
Confirm with . or Enter, or press ? or * to list all spells.
Aiming: Flame Tongue (safe; 9% risk of failure)
Press: ? - help, Shift-Dir - straight line, f/p - kobold
Aim: a kobold, wielding a dagger You miscast Flame Tongue.
You are very lightly contaminated with residual magic.
You feel uncomfortably hot. The kobold hits you but does no damage.
The hobgoblin barely misses you. The rat closely misses you.
Casting: Flame Tongue (safe; 9% risk of failure)
Confirm with . or Enter, or press ? or * to list all spells.
Aiming: Flame Tongue (safe; 9% risk of failure)
Press: ? - help, Shift-Dir - straight line, f/p - kobold
Aim: a kobold, wielding a dagger The flame tongue misses the kobold.
The flame tongue hits the fungus.
The fungus appears unharmed.
The fungus is lightly damaged.
The kobold hits you with a dagger.
You die...

(.........#
..........#
.......)..#
..........#
..........#####
..............#
...r.PPPPP....#
# #P$@$P....#
#.#PrgKP....#
#...$g$P.####
###PP.PP.#
###รท#### #.#
#.# #.# #.#


You could see 2 hobgoblins, a kobold and 2 rats.

Vanquished Creatures
  3 goblins (D:1)
  2 hobgoblins (D:1)
  3 bats (D:1)
  A kobold (D:1)
  4 rats (D:1)
  A fungus (D:1)
14 creatures vanquished.

Vanquished Creatures (others)
  A rat (D:1)
  A fungus (D:1)
2 creatures vanquished.

Grand Total: 16 creatures vanquished

Notes
Turn   | Place    | Note
-------+----------+-------------------------------------------
     0 | D:1      | Kuinu the Draconian Fire Elementalist began the quest for the Orb.
     0 | D:1      | Reached XP level 1. HP: 14/14 MP: 3/3
   613 | D:1      | Reached XP level 2. HP: 20/20 MP: 0/5
   668 | D:1      | Learned a level 2 spell: Throw Flame
  1177 | D:1      | Slain by a kobold

Vault maps used:
D:1:      zelgadis_glass_arrival_small, hangedman_decor_push, minivault_19,
          minmay_gold_behind_fungi, lemuel_another_geyser

Action                   || total
-------------------------++-------
Melee: Dagger            ||    31
       Tailslap          ||     8
 Cast: Flame Tongue      ||    19
       Throw Flame       ||     2
  Eat: Chunk             ||     1
Armor: Skin              ||    11
Dodge: Dodged            ||    16

Table legend:
 A = Spawn XP
 B = Non-spawn XP
 C = Spawn XP percentage of total XP
 D = Spawn monster count
 E = Non-spawn monster count
 F = Spawn count percentage of total count
 G = Total turns spent on level
                    A         B        C        D         E        F      G
               +---------+---------+-------+---------+---------+-------+---------
         Total |       0 |      20 |   0.0 |       0 |      13 |   0.0 |  1177
               +---------+---------+-------+---------+---------+-------+---------
           D:1 |       0 |      20 |   0.0 |       0 |      13 |   0.0 |  1177
               +---------+---------+-------+---------+---------+-------+---------
